 Dungeon Crawl Stone Soup version 0.27-a0-972-gd1521fd518 (webtiles) character file.

Game seed: 13533312031964023973

11012 mhtbhm the Geomancer (level 11, -10/62 HPs)
             Began as a Gargoyle Earth Elementalist on Apr 13, 2021.
             Was a Priest of Elyvilon.
             Mangled by a two-headed ogre
             ... wielding a +0 giant club
              (11 damage)
             ... on level 10 of the Dungeon.
             The game lasted 00:24:14 (14493 turns).

mhtbhm the Geomancer (Gargoyle Earth Elementalist) Turns: 14493, Time: 00:24:15

Health: -10/62     AC: 14    Str: 11    XL:     11   Next: 71%
Magic:  6/25       EV: 13    Int: 20    God:    Elyvilon [***...]
Gold:   482        SH:  0    Dex: 10    Spells: 13/31 levels left

rFire    . . .     SeeInvis .   I - +5 flail (freeze)
rCold    . . .     Faith    .   (no shield)
rNeg     + . .     Spirit   .   c - +2 animal skin
rPois    ∞         Reflect  .   J - +1 hat
rElec    +         Harm     .   o - +0 cloak
rCorr    .         Rampage  .   (no gloves)
Will     .....                  (no boots)
Stlth    ++........             (no amulet)
HPRegen  0.20/turn              (no ring)
MPRegen  0.19/turn              (no ring)

@: no status effects
A: AC +8, negative energy resistance 1, electricity resistance, torment
resistance 1, unbreathing 1, petrification resistance
a: Renounce Religion, Lesser Healing, Heal Other, Purification, Divine
Protection


You were on level 10 of the Dungeon.
You worshipped Elyvilon.
Elyvilon was most pleased with you.
You visited 2 branches of the dungeon, and saw 12 of its levels.

You collected 482 gold pieces.

Inventory:

Hand Weapons
 I - a +5 flail of freezing (weapon)
Missiles
 b - 143 stones (quivered)
 g - 6 datura-tipped darts
 w - 14 boomerangs
 P - a throwing net
Armour
 c - a +2 animal skin (worn)
 h - the +0 helmet of the Albatross {rC- Str+5}
   (You took it off Robin on level 3 of the Dungeon)

   It affects your strength (+5).
   It makes you vulnerable to cold.
 o - a +0 cloak (worn)
 J - a +1 hat (worn)
Magical Staves
 a - a staff of earth
Jewellery
 u - an amulet of magic regeneration
 E - a ring of ice
 G - a ring of ice
 L - an amulet of guardian spirit
Wands
 F - a wand of iceblast (9)
 H - a wand of polymorph (2)
 O - a wand of flame (11)
Scrolls
 e - 4 scrolls of magic mapping
 j - 2 scrolls of blinking
 k - 3 scrolls of enchant weapon
 l - 4 scrolls of teleportation
 m - 2 scrolls of immolation
 p - 2 scrolls of fog
 r - a scroll of torment
 s - 2 scrolls of amnesia {unknown}
 v - a scroll of silence {unknown}
 x - 3 scrolls of fear {unknown}
 y - 2 scrolls of holy word {unknown}
 D - a scroll of brand weapon {unknown}
 M - a scroll of enchant armour {unknown}
Potions
 d - 2 potions of mutation
 f - 2 potions of attraction
 i - 3 potions of curing
 q - a potion of magic
 t - 4 potions of degeneration {unknown}
 z - a potion of might {unknown}
 A - a potion of invisibility {unknown}
 B - a potion of flight {unknown}
 C - a potion of brilliance {unknown}
 N - a potion of haste {unknown}
 Q - a potion of ambrosia {unknown}


   Skills:
 + Level 4.5 Fighting
 + Level 5.0(5.3) Maces & Flails
 + Level 2.3(4.0) Staves
 + Level 0.3 Throwing
 + Level 4.4 Dodging
 - Level 2.3 Stealth
 + Level 10.5 Spellcasting
 + Level 2.3 Conjurations
 + Level 0.7 Transmutations
 + Level 13.1 Earth Magic
 + Level 0.1 Invocations
 + Level 0.4 Evocations


You had 13 spell levels left.
You knew the following spells:

 Your Spells              Type           Power      Damage    Failure   Level
a - Sandblast             Erth           100%       2d20      1%          1
b - Passwall              Tmut/Erth      31%        N/A       1%          2
c - Stone Arrow           Conj/Erth      82%        3d12      1%          3
d - Lee's Rapid Deconstr  Erth           29%        3d16*     1%          5
e - Petrify               Tmut/Erth      38%        N/A       3%          4
f - Mephitic Cloud        Conj/Pois/Air  13%        N/A       14%         3

Your spell library contained the following spells:

 Spells                   Type           Power      Damage    Failure   Level
 Sting                    Tmut/Pois      48%        1d5       5%          1
 Corpse Rot               Necr/Air       N/A        N/A       10%         2
 Poisonous Vapours        Pois/Air       20%        N/A       10%         2
 Ignite Poison            Fire/Tmut/Pois 11%        N/A       19%         3
 Dispel Undead            Necr           10%        3d9       54%         4
 Olgreb's Toxic Radiance  Pois           10%        N/A       54%         4
 Agony                    Necr           10%        N/A       88%         5
 Excruciating Wounds      Necr           5%         N/A       88%         5
 Sublimation of Blood     Necr           Unusable   N/A       N/A         2

Dungeon Overview and Level Annotations

Branches:
Dungeon (11/15)            Temple (1/1) D:5
   Lair: D:8-11         Orc: D:9-12

Altars:
Ashenzari
Cheibriados
Dithmenos
Elyvilon
Fedhas
Gozag
Hepliaklqana
Kikubaaqudgha
Makhleb
Nemelex Xobeh
Okawaru
Qazlal
Ru
Sif Muna
Trog
Uskayaw
Wu Jian
Xom
Yredelemnul
Zin
The Shining One

Shops:
D:1 (   D:4 :   D:10 (

Annotations:
D:11 Maurice


Innate Abilities, Weirdness & Mutations

Your stone body is resilient. (AC +8)
You are immune to poison.
You resist negative energy. (rN+)
You are resistant to electric shocks. (rElec)
You are resistant to unholy torment.
You can survive without breathing.
You are immune to petrification.


Message History

Throw: dart (curare)
Press: ? - help, Q - select action, (/) - cycle Shift-Dir - straight line, f - yak
Aim: a yak (69% to hit)
You throw a curare-tipped dart.
The curare-tipped dart barely misses the yak.
The yak misses you.
Okay, then.
Casting: Sandblast (safe; 1% risk of failure)
Confirm with . or Enter, or press ? or * to list all spells.
Aiming: Sandblast (safe; 1% risk of failure)
Press: ? - help, Shift-Dir - straight line, f/p - yak
Aim: a yak (10% to evade)
The blast of sand hits the yak!!
The yak is heavily wounded.
b - 145 stones The two-headed ogre shouts in stereo!
The yak closely misses you.
Casting: Sandblast (safe; 1% risk of failure)
Confirm with . or Enter, or press ? or * to list all spells.
Aiming: Sandblast (safe; 1% risk of failure)
Press: ? - help, Shift-Dir - straight line, f/p - yak
Aim: a yak (heavily wounded, 10% to evade)
The blast of sand hits the yak!
The yak is almost dead.
b - 144 stones The yak gores you!
Unknown command.
Casting: Sandblast (safe; 1% risk of failure)
Confirm with . or Enter, or press ? or * to list all spells.
Aiming: Sandblast (safe; 1% risk of failure)
Press: ? - help, Shift-Dir - straight line, f/p - yak
Aim: a yak (almost dead, 10% to evade)
The blast of sand hits the yak.
The yak is almost dead.
b - 143 stones The sentinel's mark upon you fades away.
The two-headed ogre hits you with a +0 giant club!!
* * * LOW HITPOINT WARNING * * *
The two-headed ogre hits you with a +0 giant spiked club!
You die...

.......
#######. #...
≈# .. #... ≈#
... #...
≈###≈..
###...#≈≈≈≈≈.<
.............
....(......
#.O.......
#.@Y# #...#
#...# #...#
#...# #...#
#####


You could see a two-headed ogre and a yak.

Vanquished Creatures
  A centaur warrior (D:11)
  A two-headed ogre (D:9)
  A death yak (D:10)
  Pikel (D:4)
  A cyclops (D:11)
  A manticore (D:10)
  Joseph (D:8)
  A komodo dragon (D:10)
  A kobold demonologist (D:9)
  A meliai (D:8)
  3 hornets
  A troll (D:10)
  A vampire (D:9)
  A wraith (D:9)
  Sigmund (D:6)
  4 yaks
  A wyvern (D:9)
  Grum (D:8)
  A shadow (D:10)
  Eustachio (D:5)
  The ghost of ArcanElement the Slasher, an amateur HuFi (D:4)
  A steam dragon (D:9)
  An acid dragon (D:8)
  A water moccasin (D:6)
  An ice beast (D:6)
  2 ogres (D:5)
  An orc warrior (D:6)
  A sky beast (D:8)
  A centaur (D:7)
  4 necrophages
  2 wolves (D:8)
  A lemure (D:4)
  Blork the orc (D:6)
  3 kobold brigands (D:8)
  5 bullfrogs
  2 scorpions
  2 wyvern zombies
  A wyvern skeleton (D:5)
  16 wights
  4 killer bees (D:10)
  3 howler monkeys
  2 electric eels (D:10)
  A centaur zombie (D:7)
  3 hounds
  2 jellies (D:7)
  Crazy Yiuf (D:5)
  5 orc priests
  2 bullfrog skeletons
  4 centaur skeletons
  A gnoll shaman (D:7)
  2 iguanas
  Natasha (thrice) (D:3)
  2 orc wizards
  3 killer bee zombies
  3 howler monkey zombies
  Robin (D:3)
  6 adders
  A howler monkey skeleton (D:7)
  A shadow imp (D:7)
  2 white imps
  An ufetubus (D:7)
  2 worms
  The ghost of noodleboyJ the Sneak, a weakling HODe (D:4)
  2 dart slugs
  26 orcs
  3 bats
  4 endoplasms
  4 giant cockroaches
  16 goblins
  4 hobgoblins
  12 jackals
  5 quokkas
  7 ball pythons
  4 frilled lizards
  21 kobolds
  6 rats
242 creatures vanquished.

Vanquished Creatures (others)
  8 withered plants
8 creatures vanquished.

Grand Total: 250 creatures vanquished

Notes
Turn   | Place    | Note
-------+----------+-------------------------------------------
     0 | D:1      | mhtbhm the Gargoyle Earth Elementalist began the quest for
                  | the Orb.
     0 | D:1      | Reached XP level 1. HP: 10/10 MP: 3/3
   282 | D:1      | Reached XP level 2. HP: 14/15 MP: 5/5
   285 | D:1      | Learned a level 2 spell: Passwall
   296 | D:1      | Found Ekhly's Weapon Shoppe.
   314 | D:1      | Reached skill level 4 in Earth Magic
   928 | D:1      | Reached XP level 3. HP: 20/20 MP: 4/6
   932 | D:1      | Learned a level 3 spell: Stone Arrow
  1323 | D:2      | Reached skill level 1 in Fighting
  1411 | D:2      | Noticed a scorpion
  1425 | D:2      | Killed a scorpion
  1426 | D:2      | Reached skill level 1 in Maces & Flails
  1426 | D:2      | Reached XP level 4. HP: 12/25 MP: 1/8
  1443 | D:3      | Noticed Natasha
  1750 | D:3      | Reached XP level 5. HP: 29/29 MP: 7/9
  2078 | D:3      | Identified the +0 helmet of the Albatross {rC- Str+5}
  2078 | D:3      | Noticed Robin
  2085 | D:3      | Killed Robin
  2606 | D:3      | Killed Natasha
  2804 | D:3      | Noticed Natasha
  2813 | D:3      | Reached XP level 6. HP: 29/36 MP: 0/10
  2815 | D:3      | Killed Natasha
  2816 | D:3      | Reached skill level 5 in Earth Magic
  3031 | D:3      | Noticed Natasha
  3037 | D:3      | Killed Natasha
  3379 | D:2      | Learned a level 5 spell: Lee's Rapid Deconstruction
  3679 | D:4      | Found Zewid's Book Emporium.
  3890 | D:4      | Found a runed translucent gate.
  3890 | D:4      | Found a runed translucent gate.
  3890 | D:4      | Found a runed translucent gate.
  3891 | D:4      | Noticed noodleboyJ's ghost (weakling HODe)
  3892 | D:4      | Noticed ArcanElement's ghost (amateur HuFi)
  4020 | D:4      | Killed ArcanElement's ghost
  4021 | D:4      | Reached XP level 7. HP: 14/40 MP: 5/12
  4022 | D:4      | Killed noodleboyJ's ghost
  4677 | D:5      | Entered Level 5 of the Dungeon
  4681 | D:5      | Reached skill level 6 in Earth Magic
  4685 | D:5      | Noticed Pikel
  4965 | D:4      | Killed Pikel
  4966 | D:4      | Reached skill level 7 in Earth Magic
  4966 | D:4      | Reached XP level 8. HP: 26/46 MP: 5/15
  4970 | D:4      | Reached skill level 5 in Spellcasting
  5765 | D:5      | Noticed Eustachio
  5774 | D:5      | Killed Eustachio
  5775 | D:5      | Reached skill level 8 in Earth Magic
  6072 | D:5      | Found a staircase to the Ecumenical Temple.
  6083 | Temple   | Entered the Ecumenical Temple
  6562 | D:5      | Found a runed translucent door.
  6563 | D:5      | Noticed Crazy Yiuf
  6620 | D:5      | Reached XP level 9. HP: 51/51 MP: 15/18
  6625 | D:5      | Learned a level 4 spell: Petrify
  6825 | D:5      | Killed Crazy Yiuf
  7168 | D:6      | Reached skill level 1 in Conjurations
  7179 | D:6      | Noticed Blork the orc
  7192 | D:6      | Killed Blork the orc
  7538 | D:6      | Found a white marble altar of Elyvilon.
  7639 | D:6      | Noticed Sigmund
  7643 | D:6      | Killed Sigmund
  7644 | D:6      | Reached skill level 1 in Staves
  7644 | D:6      | Reached skill level 9 in Earth Magic
  8221 | D:6      | Became a worshipper of Elyvilon the Healer
  8274 | D:7      | Found a sacrificial altar of Ru.
  8757 | D:7      | Found a sparkling altar of Nemelex Xobeh.
  8892 | D:7      | Reached * piety under Elyvilon
  9266 | D:7      | Reached skill level 10 in Earth Magic
  9340 | D:7      | Reached XP level 10. HP: 51/57 MP: 7/21
  9744 | D:7      | Learned a level 3 spell: Mephitic Cloud
 10055 | D:8      | Found an iron altar of Okawaru.
 10320 | D:8      | Noticed Grum
 10328 | D:8      | Killed Grum
 10329 | D:8      | Reached skill level 11 in Earth Magic
 10885 | D:8      | Noticed a +0 hand axe
 10885 | D:8      | Noticed a +0 hand axe
 10886 | D:8      | Found a hide-covered altar of Uskayaw.
 10965 | D:8      | Reached ** piety under Elyvilon
 11022 | D:8      | Noticed Joseph
 11028 | D:8      | Killed Joseph
 11179 | D:8      | Found a stormy altar of Qazlal.
 11248 | D:8      | Found a broken altar of Ashenzari.
 12045 | D:9      | Noticed a two-headed ogre
 12049 | D:9      | Killed a two-headed ogre
 12081 | D:9      | Noticed a kobold demonologist
 12084 | D:9      | Killed a kobold demonologist
 12085 | D:9      | Reached skill level 12 in Earth Magic
 12085 | D:9      | Reached XP level 11. HP: 62/62 MP: 13/24
 12448 | D:9      | Found an ancient bone altar of Kikubaaqudgha.
 12476 | D:9      | Reached skill level 5 in Maces & Flails
 12771 | D:9      | Found a burning altar of Makhleb.
 13021 | D:9      | Found a blossoming altar of Fedhas.
 13061 | D:9      | Reached *** piety under Elyvilon
 13160 | D:10     | Entered Level 10 of the Dungeon
 13321 | D:10     | Noticed a manticore
 13328 | D:10     | Killed a manticore
 13397 | D:11     | Reached skill level 10 in Spellcasting
 13733 | D:10     | Found a glowing golden altar of the Shining One.
 13785 | D:10     | Found Umoptad's Antique Weapon Emporium.
 13856 | D:10     | Noticed a death yak
 13857 | D:10     | Noticed a death yak
 13871 | D:10     | Killed a death yak
 13872 | D:10     | Noticed a death yak
 13873 | D:10     | Noticed a death yak
 13874 | D:10     | Noticed a death yak
 14097 | D:11     | Noticed a centaur warrior
 14103 | D:11     | Killed a centaur warrior
 14104 | D:11     | Reached skill level 13 in Earth Magic
 14458 | D:11     | Noticed a cyclops
 14469 | D:11     | Killed a cyclops
 14483 | D:11     | Noticed Maurice
 14489 | D:10     | Noticed a two-headed ogre
 14493 | D:10     | HP: 1/62 [two-headed ogre/+0 giant club (22)]
 14493 | D:10     | Mangled by a two-headed ogre

Illustrated notes

Levels and vault maps discovered:
D:1:      psy_arrival_basics, layout_loops_ring, serial_shops, shop
D:2:      cheibrodos_helix_gallery, layout_basic
D:3:      layout_loops_ring, hangedman_decor_clover_reticule, uniq_robin,
          uniq_natasha
D:4:      layout_basic, gammafunk_ghost_cemetery, serial_shops, shop
D:5:      layout_basic, minmay_temple_entry_overgrown, minivault_25,
          uniq_crazy_yiuf_cottage, uniq_eustachio, uniq_pikel
D:6:      layout_cave_pools, elyvilon_altar_5, nrook_uturn, uniq_blork_the_orc,
          uniq_sigmund
D:7:      minmay_bubble_buster, layout_basic, nemelex_spade_bored_becter,
          nicolae_ru_path_of_blood, serial_bayou_pond_e,
          kennysheep_generic_room_2
D:8:      layout_layer_cave, marbit_many_paths, dancing_weapons_uskayaw,
          lemuel_crystal_altar, lemuel_round_altar, minmay_microvault,
          uniq_grum, uniq_joseph
D:9:      layout_roguey, lemuel_crystal_altar, overflow_temple_1_default,
          kiku_gazebo_garden_becter
D:10:     layout_small_grid, kennysheep_little_box, kennysheep_mini_moat,
          dpeg_lair_monsters, erik_orc_2, serial_shops,
          nicolae_shop_competitors_out_of_business, bh_walls_and_bars
D:11:     layout_stronghold, okawaru_trees_2, uniq_maurice
Temple:   jpeg_temple_alley_garden

Skill      XL: |  1  2  3  4  5  6  7  8  9 10 11 |
---------------+----------------------------------+-----
Earth Magic    | 4 5 7 8 10 12 13 | 13.1
Fighting       | 1 2 3 4 |  4.5
Maces & Flails | 1 2 3 4 5 |  5.0
Dodging        | 2 3 4 |  4.4
Spellcasting   | 3 4 6 7 9 10 | 10.5
Conjurations   | 1 2 |  2.3
Staves         | 1 2 |  2.3
Throwing       | |  0.3
Stealth        | |  2.3
Transmutations | |  0.7
Invocations    | |  0.1
Evocations     | |  0.4

Action                   |  1- 3 |  4- 6 |  7- 9 | 10-12 || total
-------------------------+-------+-------+-------+-------++-------
Melee: Mace              |    70 |    27 |       |       ||    97
       Flail             |       |    99 |     2 |    43 ||   144
       Whip              |       |       |    39 |       ||    39
       Staff             |       |       |   123 |    14 ||   137
Throw: Dart              |       |       |     1 |     1 ||     2
       Boomerang         |       |       |     2 |     3 ||     5
 Cast: Sandblast         |    18 |    46 |    86 |    43 ||   193
       Stone Arrow       |       |     4 |    12 |    28 ||    44
       Lee's Rapid Decon |       |       |    10 |    46 ||    56
       Petrify           |       |       |       |     1 ||     1
Invok: Lesser Healing    |       |       |       |     3 ||     3
Evoke: Wand              |       |       |       |     5 ||     5
  Use: Scroll            |     1 |     1 |     5 |     6 ||    13
       Potion            |       |     1 |       |     1 ||     2
 Stab: Sleeping          |     1 |     2 |     2 |       ||     5
       Distracted        |       |     1 |       |       ||     1
Armor: Robe              |    39 |    27 |       |       ||    66
       Animal skin       |       |    33 |    96 |    40 ||   169
Dodge: Dodged            |    82 |   125 |   162 |    86 ||   455

Table legend: (Time is in decaauts)
 A = Elapsed time spent in this place.
 B = Non-inter-level travel time spent in this place.
 C = Inter-level travel time spent in this place.
 D = Time resting spent in this place.
 E = Time spent auto-exploring this place.
 F = Levels seen in this place.
 G = Mean time per level.
                   A        B        C        D        E       F      G
               +--------+--------+--------+--------+--------+-----+--------+
         Total |  14594 |  14417 |    177 |   4116 |   7791 |  12 | 1216.2 |
       Dungeon |  14332 |  14155 |    177 |   4116 |   7613 |  11 | 1302.9 |
        Temple |    261 |    261 |      0 |      0 |    178 |   1 |  261.0 |
               +--------+--------+--------+--------+--------+-----+--------+

Top non-repeatable levels by time:
     D:8: 1895 daAuts
     D:3: 1863 daAuts
     D:7: 1789 daAuts
     D:5: 1519 daAuts
     D:4: 1507 daAuts
     D:6: 1382 daAuts
     D:1: 1342 daAuts
     D:9: 1243 daAuts
    D:11: 750 daAuts
    D:10: 585 daAuts
     D:2: 453 daAuts
  Temple: 261 daAuts
